 Dungeon Crawl Stone Soup version 0.24-a0-429-g4608c8fa30 (webtiles) character file.

Game seed: 12245771649270214242

25245 mhoghedin the Prestidigitator (level 12, 0/145 HPs)
             Began as a White Draconian Air Elementalist on June 12, 2019.
             Was an Elder of Vehumet.
             Killed from afar by a catoblepas (4 damage)
             ... with a blast of calcifying dust
             ... while petrified by you
             ... on level 5 of the Lair of Beasts on June 13, 2019.
             The game lasted 00:47:32 (19535 turns).

mhoghedin the Prestidigitator (DrAE)               Turns: 19535, Time: 00:47:33

Health: 0/145      AC: 26    Str: 10    XL:     12   Next: 87%
Magic:  3/21       EV:  2    Int: 21    God:    Vehumet [****..]
Gold:   898        SH:  0    Dex: 12    Spells: 2/23 levels left

rFire    . . .     SeeInvis +   a - staff of energy {@w1+MP, hungerless spells, !d!a}
rCold    . . .     Gourm    .   (no shield)
rNeg     + + +     Faith    .   (armour unavailable)
rPois    ∞         Spirit   .   (helmet currently unavailable)
rElec    .         Reflect  .   (cloak currently unavailable)
rCorr    .         Harm     .   (gloves currently unavailable)
MR       .....     NoTele   +   (boots currently unavailable)
Stlth    +++.......             j - amulet of magic regeneration
HPRegen  0.34/turn              v - ring of see invisible (curse) {sInv, !d}
MPRegen  0.42/turn              C - ring of stealth {Stlth+}

@: tree-form, petrified, very slightly contaminated
A: (breathe frost), unfitting armour, AC +8
a: Renounce Religion


You were on level 5 of the Lair of Beasts.
You worshipped Vehumet.
Vehumet was greatly pleased with you.
You were not hungry.
You were a tree.
You visited 3 branches of the dungeon, and saw 15 of its levels.

You collected 898 gold pieces.

Inventory:

Hand Weapons
 b - a +2 dagger of speed
   (You took it off a goblin on level 2 of the Dungeon)
 I - the cursed +1 rapier of the Walnut {pierce, rPois Dex+2}
   (You found it on level 3 of the Lair of Beasts)

   It inflicts extra damage upon your enemies.
   It affects your dexterity (+2).
   It protects you from poison.
   It has a curse placed upon it.
Missiles
 M - a throwing net {=f, !d}
Armour
 g - a +1 pair of boots (melded)
   (You found it on level 1 of the Dungeon)
 m - a +1 hat (melded)
   (You found it on level 6 of the Dungeon)
 o - a +2 pair of gloves (melded)
   (You found it on level 6 of the Dungeon)
 t - a +1 cloak (melded)
   (You found it on level 4 of the Dungeon)
Magical Staves
 a - an uncursed staff of energy (weapon) {@w1+MP, hungerless spells, !d!a}
   (You found it on level 5 of the Dungeon)
Jewellery
 j - an amulet of magic regeneration (around neck)
   (You took it off a goblin on level 2 of the Dungeon)
 v - a cursed ring of see invisible (left branch) {sInv, !d}
   (You found it on level 8 of the Dungeon)
 C - a ring of stealth (right branch) {Stlth+}
   (You found it on level 9 of the Dungeon)
Wands
 w - a wand of enslavement (6)
   (You found it on level 8 of the Dungeon)
 y - a wand of flame (20)
   (You took it off Joseph on level 8 of the Dungeon)
 K - a wand of random effects (26)
   (You found it on level 4 of the Lair of Beasts)
Scrolls
 c - 8 scrolls of teleportation
 d - 2 scrolls of immolation {!r}
 e - 5 scrolls of enchant armour
 f - 6 scrolls of remove curse
 h - 4 scrolls of blinking {!r}
 n - 4 scrolls of fear
 x - 3 scrolls of enchant weapon
 D - a scroll of torment {unknown}
 E - a scroll of holy word {!r}
 F - 2 scrolls of silence
 G - a scroll of summoning
Potions
 i - 2 potions of resistance
 k - 3 potions of brilliance
 q - 3 potions of flight
 r - 4 potions of haste
 s - a potion of curing
 z - a potion of magic
 A - a potion of mutation {!q}
 B - a potion of agility {unknown}
 H - a potion of might
 L - a potion of cancellation {unknown}
Comestibles
 l - 20 rations
 J - 5 chunks of flesh {@w0}


   Skills:
 - Level 6.9 Fighting
 - Level 5.3 Dodging
 - Level 1.7 Stealth
 - Level 6.1 Spellcasting
 - Level 10.4 Conjurations
 + Level 8.2 Ice Magic
 - Level 10.7 Air Magic
 - Level 10.7 Evocations


You had 2 spell levels left.
You knew the following spells:

 Your Spells              Type           Power        Failure   Level  Hunger
a - Shock                 Conj/Air       ####         1%          1    None
b - Static Discharge      Conj/Air       ######..     1%          3    None
c - Airstrike             Air            ######....   1%          4    None
d - Freezing Cloud        Conj/Ice/Air   #####.....   7%          6    None
s - Swiftness             Chrm/Air       ####....     1%          2    None
x - Lightning Bolt        Conj/Air       ######....   1%          5    None

Your spell library contained the following spells:

 Spells                   Type           Power        Failure   Level  Hunger
 Blink                    Tloc           N/A          14%         2    None
 Shroud of Golubria       Chrm/Tloc      #.....       14%         2    None
 Gell's Gravitas          Tloc           #.........   28%         3    None
 Lesser Beckoning         Tloc           #.........   28%         3    None
 Teleport Other           Tloc           #.......     28%         3    None
 Poison Arrow             Conj/Pois      ####......   41%         6    None
 Passage of Golubria      Tloc           N/A          67%         4    None
 Chain Lightning          Conj/Air       ######....   87%         8    None
 Lehudib's Crystal Spear  Conj/Erth      ####......   100%        8    None
 Fire Storm               Conj/Fire      ####......   100%        9    None
 Glaciate                 Conj/Ice       #####.....   100%        9    None


Dungeon Overview and Level Annotations

Branches:
Dungeon (9/15)             Temple (1/1) D:6            Lair (5/6) D:9
 Shoals (0/4) Lair:3        Snake (0/4) Lair:4
  Slime: Lair:5-6       Orc: D:9-12

Altars:
Ashenzari
Cheibriados
Dithmenos
Elyvilon
Fedhas
Gozag
Hepliaklqana
Kikubaaqudgha
Makhleb
Nemelex Xobeh
Okawaru
Qazlal
Ru
Sif Muna
Trog
Uskayaw
Vehumet
Wu Jian
Xom
Yredelemnul
Zin
The Shining One

Shops:
D:7 *


Innate Abilities, Weirdness & Mutations

((You can breathe waves of freezing cold.))
((You can buffet flying creatures when you breathe cold.))
((Your icy white scales are hard. (AC +8)))
You cannot fit into any form of body armour.
((Your flesh is cold resistant. (rC+)))
((You are cold-blooded and may be slowed by cold attacks.))


Message History

You kill the porcupine!
Vehumet accepts your kill.
You feel your power returning.
The lightning grounds out.
Unknown command.
You take 3 damage, and have 87/97 hp.
You now have 12/21 mp.
Aim: a catoblepas The catoblepas is engulfed in freezing vapours. x2
You now have 10/21 mp.
The catoblepas is struck by an arc of lightning!
You are struck by an arc of lightning.
The catoblepas is struck by an arc of lightning.
The lightning grounds out.
The catoblepas breathes a plume of calcifying dust at you.
The blast of calcifying dust hits you but does no damage.
Unknown command.
You take 3 damage, and have 87/97 hp.
You now have 8/21 mp.
The catoblepas gores you.
You take 2 damage, and have 85/97 hp.
The catoblepas is struck by an arc of lightning!
The lightning grounds out.
The catoblepas gores you!!
Unknown command.
You take 32 damage, and have 53/97 hp.
MASSIVE DAMAGE!!
You now have 5/21 mp.
The catoblepas is struck by an arc of lightning!
You are struck by an arc of lightning.
The catoblepas is struck by an arc of lightning.
The lightning grounds out.
The catoblepas gores you!!
* * * LOW HITPOINT WARNING * * *
Unknown command.
You take 33 damage, and have 20/97 hp.
MASSIVE DAMAGE!!
You now have 3/21 mp.
The catoblepas is struck by an arc of lightning!
You are struck by an arc of lightning.
* * * LOW HITPOINT WARNING * * *
The catoblepas is struck by an arc of lightning!
The lightning grounds out.
The catoblepas breathes a plume of calcifying dust at you.
The blast of calcifying dust hits you.
* * * LOW HITPOINT WARNING * * *
Unknown command.
You take 4 damage, and have 16/97 hp.
You now have 0/21 mp.
Okay, then.
Unknown command.
Really quaff
u - a potion of lignification {!q}?
Really quaff the potion of lignification?
You turn into a tree.
Your +1 cloak melds into your body.
Your +1 hat melds into your body.
Your +2 pair of gloves melds into your body.
Your +1 pair of boots melds into your body.
Your roots penetrate the ground.
The catoblepas breathes a plume of calcifying dust at you.
The blast of calcifying dust hits you but does no damage.
You now have 25/145 hp.
You channel some magical energy.
You feel slightly more hungry.
You are engulfed in calcifying dust.
The catoblepas gores you but does no damage.
Unknown command.
Nothing appears to happen.
You are engulfed in calcifying dust.
The catoblepas breathes a plume of calcifying dust at you.
The blast of calcifying dust hits you but does no damage.
Nothing appears to happen.
You are engulfed in calcifying dust.
The catoblepas gores you!!
* * * LOW HITPOINT WARNING * * *
You take 22 damage, and have 4/145 hp.
You feel better.
The catoblepas gores you but does no damage.
You regained 6 hp, and now have 10/145 hp.
Aim: a catoblepas (almost dead)
The air twists around and strikes the catoblepas.
The catoblepas breathes a plume of calcifying dust at you.
The blast of calcifying dust hits you.
* * * LOW HITPOINT WARNING * * *
You take 1 damage, and have 9/145 hp.
You now have 0/21 mp.
You feel better.
You are engulfed in calcifying dust.
The catoblepas gores you.
* * * LOW HITPOINT WARNING * * *
You regained 3 hp, and now have 12/145 hp.
You channel some magical energy.
You feel slightly more hungry.
You are engulfed in calcifying dust.
You are slowing down.
The catoblepas breathes a plume of calcifying dust at you.
The blast of calcifying dust hits you.
Unknown command.
Nothing appears to happen.
You are engulfed in calcifying dust.
Your limbs have turned to stone.
The catoblepas gores you.
* * * LOW HITPOINT WARNING * * *
You have turned to stone.
You are engulfed in calcifying dust.
The catoblepas gores you!
* * * LOW HITPOINT WARNING * * *
You are engulfed in calcifying dust.
The catoblepas breathes a plume of calcifying dust at you.
The blast of calcifying dust hits you!
You die...

....#............ ......P.P.#
..#.#........#..# .#.....##..
#..............P##..#....##.#
.............#P...###...+....
.......○.°..##....##....P#...
.......○.....^.....#....##P..
....................+........
#..............#.###....##.#.
#..........Y♣.§§###.....#.###
..............P.####....###
.#PPP#.....................
..P.........................
.............................
.................>...........
...#.........................
.#.P....................P.
......%............


You could see a catoblepas.

Vanquished Creatures
  Rupert (Lair:3)
  A hydra (Lair:1)
  2 two-headed ogres
  Pikel (D:5)
  A necromancer (Lair:2)
  2 black mambas
  Joseph (D:8)
  Psyche (D:9)
  4 spiny frogs
  3 rime drakes
  A komodo dragon (Lair:5)
  A queen bee (Lair:1)
  A polar bear (Lair:4)
  2 trolls (D:9)
  Prince Ribbit (D:6)
  A snapping turtle (Lair:3)
  6 dream sheep (Lair:4)
  3 blink frogs (Lair:2)
  5 hippogriffs
  Sigmund (D:4)
  2 spriggans (Lair:4)
  Eustachio (D:6)
  2 wyverns
  24 yaks
  A basilisk (Lair:2)
  3 nagas (Lair:4)
  7 water moccasins
  7 porcupines
  6 orc warriors
  2 sky beasts
  A slave (D:5)
  A necrophage (D:9)
  A black bear (Lair:1)
  5 ogres
  2 phantoms
  A hornet zombie (D:8)
  8 crocodiles
  5 wolves
  4 centaurs
  2 big kobolds
  An elf zombie (D:9)
  8 bullfrogs
  Blork the orc (D:6)
  A wyvern zombie (D:9)
  2 scorpions
  33 killer bees
  5 electric eels
  3 howler monkeys
  4 crimson imps
  A quasit (D:9)
  3 jellies
  10 hounds
  5 human zombies (D:9)
  5 orc priests
  11 orc wizards
  4 bullfrog skeletons
  2 human skeletons (D:9)
  A centaur skeleton (D:5)
  4 iguanas
  6 worker ants
  A polar bear simulacrum (Lair:2)
  3 yak simulacra (Lair:2)
  3 wolf simulacra (Lair:2)
  An ogre zombie (D:9)
  2 hound skeletons (D:4)
  2 mummies (D:9)
  2 worker ant zombies (D:5)
  Robin (D:1)
  6 gnolls
  A howler monkey skeleton (D:7)
  3 adders
  An ooze (D:3)
  An adder zombie (D:8)
  An adder skeleton (D:6)
  3 worms
  2 dart slugs
  5 leopard geckos
  29 orcs
  7 bats
  2 giant cockroaches
  16 goblins
  10 hobgoblins
  10 jackals
  8 kobolds
  4 quokkas
  2 ball pythons
  7 frilled lizards
  A jackal skeleton (D:4)
  A leopard gecko skeleton (D:5)
  2 leopard gecko zombies
  A quokka skeleton (D:5)
  8 rats
  4 river rat simulacra (Lair:2)
  A fungus (Lair:2)
  3 plants (Lair:4)
388 creatures vanquished.

Vanquished Creatures (others)
  A hungry ghost (D:9)
  A leopard gecko (D:3)
  A fungus (Lair:2)
  2 plants
5 creatures vanquished.

Grand Total: 393 creatures vanquished

Notes
Turn   | Place    | Note
-------+----------+-------------------------------------------
     0 | D:1      | mhoghedin the Draconian Air Elementalist began the quest
                  | for the Orb.
     0 | D:1      | Reached XP level 1. HP: 14/14 MP: 3/3
   127 | D:1      | Reached skill level 1 in Fighting
   365 | D:1      | Reached XP level 2. HP: 23/24 MP: 5/5
   400 | D:1      | Reached skill level 2 in Fighting
  1049 | D:2      | Noticed Robin
  1050 | D:2      | Reached skill level 3 in Fighting
  1050 | D:2      | Reached XP level 3. HP: 26/31 MP: 1/6
  1076 | D:1      | Killed Robin
  1380 | D:2      | Learned a level 2 spell: Swiftness
  1384 | D:2      | Learned a level 3 spell: Static Discharge
  1611 | D:2      | Reached XP level 4. HP: 38/38 MP: 2/7
  1852 | D:2      | Noticed an ogre
  1893 | D:2      | Killed an ogre
  1893 | D:2      | Reached skill level 2 in Conjurations
  1893 | D:2      | Reached XP level 5. HP: 45/45 MP: 0/9
  2132 | D:2      | Found a burning altar of Makhleb.
  2164 | D:2      | Reached skill level 3 in Spellcasting
  2164 | D:2      | Reached skill level 4 in Air Magic
  2841 | D:3      | Reached skill level 3 in Conjurations
  2841 | D:3      | Reached XP level 6. HP: 43/51 MP: 10/10
  3942 | D:4      | Learned a level 4 spell: Airstrike
  4169 | D:4      | Noticed Sigmund
  4184 | D:4      | Killed Sigmund
  4184 | D:4      | Reached skill level 4 in Spellcasting
  4184 | D:4      | Reached skill level 4 in Conjurations
  4184 | D:4      | Reached skill level 5 in Air Magic
  4184 | D:4      | Your scales start taking on an icy white colour.
  4184 | D:4      | Reached XP level 7. HP: 45/57 MP: 0/13
  4184 | D:4      | Gained mutation: Your flesh is cold resistant. (rC+) [White
                  | Draconian growth]
  4386 | D:4      | HP: 8/57 [phantom (7)]
  4854 | D:5      | Entered Level 5 of the Dungeon
  4854 | D:5      | Found a large runed translucent door.
  4854 | D:5      | Found a large runed translucent door.
  4966 | D:5      | Found a large runed translucent door.
  4966 | D:5      | Found a large runed translucent door.
  5017 | D:5      | Learned a level 5 spell: Lightning Bolt
  5064 | D:5      | Reached skill level 5 in Conjurations
  5064 | D:5      | Reached XP level 8. HP: 28/63 MP: 5/15
  5281 | D:5      | Found a hide-covered altar of Uskayaw.
  5374 | D:4      | Reached skill level 2 in Evocations
  5705 | D:5      | Reached skill level 3 in Evocations
  5978 | D:5      | Found a shimmering altar of Xom.
  5984 | D:5      | Reached skill level 4 in Evocations
  6238 | D:5      | Found a white marble altar of Elyvilon.
  6238 | D:5      | Found an ancient bone altar of Kikubaaqudgha.
  6242 | D:5      | Noticed Pikel
  6253 | D:5      | Killed Pikel
  6253 | D:5      | Reached skill level 6 in Evocations
  6344 | D:5      | Found a sacrificial altar of Ru.
  6347 | D:5      | Found a glowing silver altar of Zin.
  6349 | D:5      | Found a faded altar of an unknown god.
  6443 | D:6      | Noticed Eustachio
  6450 | D:6      | Killed Eustachio
  6450 | D:6      | Reached skill level 7 in Evocations
  6450 | D:6      | Reached XP level 9. HP: 59/70 MP: 1/16
  6489 | D:6      | Noticed Blork the orc
  6510 | D:6      | Killed Blork the orc
  6586 | D:6      | Found a shattered altar of Ashenzari.
  6703 | D:6      | Noticed Prince Ribbit
  6710 | D:6      | Killed Prince Ribbit
  6710 | D:6      | Reached skill level 8 in Evocations
  6820 | D:6      | Found a staircase to the Ecumenical Temple.
  6853 | D:6      | Reached skill level 6 in Air Magic
  6864 | Temple   | Entered the Ecumenical Temple
  6909 | Temple   | Became a worshipper of Vehumet
  7416 | D:7      | Reached skill level 6 in Conjurations
  7769 | D:7      | Reached skill level 7 in Air Magic
  7769 | D:7      | HP: 16/70 [/static electricity (3)]
  7991 | D:7      | Reached * piety under Vehumet
  7991 | D:7      | Offered knowledge of Freeze by Vehumet.
  8320 | D:7      | Found Gozag's Platinum Reserve.
  8321 | D:7      | Found an opulent altar of Gozag.
  8620 | D:7      | Reached skill level 7 in Conjurations
  8646 | D:7      | HP: 17/70 [poisoned by a killer bee]
  8652 | D:7      | HP: 15/70 [poisoned by a killer bee]
  8659 | D:7      | HP: 15/70 [poisoned by a killer bee]
  8667 | D:7      | HP: 14/70 [poisoned by a killer bee]
  9009 | D:7      | Found a hazy altar of Hepliaklqana.
  9110 | D:7      | Found a deep blue altar of Sif Muna.
  9244 | D:8      | Reached skill level 8 in Air Magic
  9244 | D:8      | Reached XP level 10. HP: 52/77 MP: 2/17
  9515 | D:8      | Found a blossoming altar of Fedhas.
  9811 | D:8      | Noticed Joseph
  9844 | D:8      | Killed Joseph
  9844 | D:8      | Reached skill level 8 in Conjurations
  9852 | D:8      | Reached ** piety under Vehumet
  9852 | D:8      | Offered knowledge of Magic Dart by Vehumet.
 10635 | D:9      | Identified the +8 mace of Kiwiez {crush, Int-4 Dex+5
                  | Stlth+} (You found it on level 9 of the Dungeon)
 10685 | D:9      | Noticed Psyche
 10697 | D:9      | Reached skill level 9 in Air Magic
 10697 | D:9      | Killed Psyche
 10768 | D:9      | HP: 19/77 [/static electricity (2)]
 10774 | D:9      | HP: 15/77 [poisoned by a kobold]
 10780 | D:9      | HP: 14/77 [poisoned by a kobold]
 10786 | D:9      | HP: 13/77 [poisoned by a kobold]
 10794 | D:9      | HP: 13/77 [poisoned by a kobold]
 10973 | D:9      | Reached skill level 9 in Conjurations
 10974 | D:9      | HP: 11/77 [orc warrior/+0 trident (10)]
 10975 | D:9      | Offered knowledge of Searing Ray by Vehumet.
 11577 | D:9      | Noticed a two-headed ogre
 11587 | D:9      | HP: 16/77 [two-headed ogre/+0 giant club (10)]
 11588 | D:9      | HP: 7/77 [two-headed ogre/+0 giant club (10)]
 11598 | D:8      | Killed a two-headed ogre
 11598 | D:8      | Reached skill level 9 in Evocations
 11938 | D:9      | Reached XP level 11. HP: 44/82 MP: 1/18
 11954 | D:9      | Reached *** piety under Vehumet
 11954 | D:9      | HP: 19/82 [/static electricity (2)]
 12404 | D:9      | Found a shimmering altar of Xom.
 12418 | D:9      | Offered knowledge of Force Lance by Vehumet.
 12502 | D:9      | Noticed a two-headed ogre
 12514 | D:9      | Killed a two-headed ogre
 12514 | D:9      | Reached skill level 10 in Evocations
 12552 | D:9      | Found a staircase to the Lair.
 12909 | D:9      | Found a basalt altar of Yredelemnul.
 13204 | Lair:1   | Entered Level 1 of the Lair of Beasts
 13208 | Lair:1   | Reached **** piety under Vehumet
 13438 | Lair:1   | Reached skill level 2 in Dodging
 13441 | Lair:1   | Offered knowledge of Ignite Poison by Vehumet.
 13452 | Lair:1   | HP: 18/83 [killer bee (7)]
 13454 | Lair:1   | HP: 3/83 [killer bee (7)]
 13854 | Lair:1   | Reached skill level 4 in Fighting
 14000 | Lair:1   | Reached skill level 3 in Dodging
 14140 | Lair:1   | Noticed a six-headed hydra
 14172 | Lair:1   | Killed a six-headed hydra
 14172 | Lair:1   | Reached skill level 5 in Fighting
 14361 | Lair:1   | Reached skill level 4 in Dodging
 14565 | Lair:1   | Reached skill level 6 in Fighting
 14572 | Lair:1   | HP: 21/89 [poisoned by a spiny frog]
 14577 | Lair:1   | HP: 15/89 [poisoned by a spiny frog]
 14582 | Lair:1   | HP: 10/89 [poisoned by a spiny frog]
 14588 | Lair:1   | HP: 8/89 [poisoned by a spiny frog]
 14593 | Lair:1   | HP: 6/89 [poisoned by a spiny frog]
 14599 | Lair:1   | HP: 5/89 [poisoned by a spiny frog]
 14607 | Lair:1   | HP: 5/89 [poisoned by a spiny frog]
 14960 | Lair:1   | Upgraded the game from 0.24-a0-422-g9eff3895ba to
                  | 0.24-a0-429-g4608c8fa30
 15242 | Lair:2   | Reached skill level 5 in Dodging
 15878 | Lair:2   | Reached skill level 10 in Air Magic
 15878 | Lair:2   | Reached XP level 12. HP: 85/97 MP: 10/20
 16230 | Lair:2   | Reached skill level 10 in Conjurations
 16895 | Lair:3   | Reached ***** piety under Vehumet
 16897 | Lair:3   | Offered knowledge of Freezing Cloud by Vehumet.
 17499 | Lair:3   | Got a pitted rapier
 17543 | Lair:3   | Noticed Rupert
 17556 | Lair:3   | Killed Rupert
 17556 | Lair:3   | Reached skill level 6 in Spellcasting
 17568 | Lair:3   | Learned a level 6 spell: Freezing Cloud
 17703 | Lair:3   | Found a staircase to the Shoals.
 17736 | Lair:3   | Reached skill level 1 in Ice Magic
 18061 | Lair:4   | Found a staircase to the Snake Pit.
 18075 | Lair:4   | Reached skill level 2 in Ice Magic
 18085 | Lair:4   | Reached skill level 3 in Ice Magic
 18085 | Lair:4   | HP: 24/97 [poisoned by a black mamba]
 18090 | Lair:4   | HP: 20/97 [poisoned by a black mamba]
 18095 | Lair:4   | HP: 17/97 [poisoned by a black mamba]
 18101 | Lair:4   | HP: 15/97 [poisoned by a black mamba]
 18106 | Lair:4   | HP: 14/97 [poisoned by a black mamba]
 18113 | Lair:4   | HP: 14/97 [poisoned by a black mamba]
 18121 | Lair:4   | HP: 14/97 [poisoned by a black mamba]
 18514 | Lair:4   | Reached skill level 4 in Ice Magic
 18520 | Lair:4   | Reached skill level 5 in Ice Magic
 18633 | Lair:4   | Reached skill level 6 in Ice Magic
 18880 | Lair:4   | Reached skill level 7 in Ice Magic
 19326 | Lair:4   | Reached skill level 8 in Ice Magic
 19492 | Lair:5   | Identified the cursed +1 rapier of the Walnut {pierce,
                  | rPois Dex+2} (You found it on level 3 of the Lair of
                  | Beasts)
 19507 | Lair:5   | Noticed a catoblepas
 19522 | Lair:5   | HP: 20/97 [catoblepas (30)]
 19528 | Lair:5   | HP: 4/145 [catoblepas (22)]
 19533 | Lair:5   | HP: 11/145 [catoblepas (2)]
 19534 | Lair:5   | HP: 4/145 [catoblepas (8)]
 19535 | Lair:5   | Killed from afar by a catoblepas

Levels and vault maps discovered:
D:1:      dpeg_arrival_signposts, layout_basic
D:2:      layout_basic, makhleb_grotto_becter, uniq_robin
D:3:      layout_loops_corners, first_ration, kennysheep_generic_room_7
D:4:      layout_loops_ring, saegor_snake_ambush, uniq_sigmund
D:5:      layout_basic, kennysheep_little_box, eat_drink_and_be_merry_uskayaw,
          chequers_temple_overflow_minitemple,
          nicolae_ossuary_entry_false_entrances, serial_rivers,
          chequers_serial_rivers_micro_c, chequers_serial_rivers_micro_c,
          chequers_serial_rivers_room_a, chequers_serial_rivers_micro_d,
          minmay_hollow_rounded_squares, uniq_pikel
D:6:      layout_cave_pools, nicolae_ashenzari_panopticon,
          minmay_temple_entry_mist, uniq_prince_ribbit1, uniq_blork_the_orc,
          uniq_eustachio
D:7:      layout_basic, lemuel_blue_sif_altar, nicolae_gozag_zags_fifth_avenue,
          kennysheep_mini_moat
D:8:      layout_rooms, marbit_many_paths, uniq_joseph
D:9:      layout_rooms, lemuel_mausoleum_altar_yredelemnul, erik_lair_island,
          basic_altar, st_stairs_4, bh_walls_and_bars, uniq_psyche
Temple:   jpeg_temple_island
Lair:1:   layout_gridlike, special_room [special_room_bee], grunt_megastairs_2
Lair:2:   layout_misc_corridors, eino_house_with_fridge, serial_bayou_shore_a,
          grunt_megastairs_4, lemuel_fruit_tree, lemuel_fruit_fields
Lair:3:   layout_cave_pods, minmay_shoals_entry_hut,
          chequers_serial_rivers_micro_a, fungi_pond_lemuel,
          beast_lair_carwin_2, uniq_rupert
Lair:4:   layout_gridlike, guppyfry_snake_entry_garden, forest_entry_grove
Lair:5:   layout_regular_city, lemuel_fruit_fields

Skill      XL: |  1  2  3  4  5  6  7  8  9 10 11 12 |
---------------+-------------------------------------+-----
Fighting       | 1 3 6 |  6.9
Conjurations   | 2 3 4 5 7 9 10 | 10.4
Spellcasting   | 3 4 6 |  6.1
Air Magic      | 4 5 8 9 10 | 10.7
Evocations     | 7 8 9 10 | 10.7
Dodging        | 5 |  5.3
Ice Magic      | 8 |  8.2
Stealth        | |  1.7

Action                   |  1- 3 |  4- 6 |  7- 9 | 10-12 || total
-------------------------+-------+-------+-------+-------++-------
Melee: Spear             |   122 |       |       |       ||   122
       Tailslap          |    11 |    21 |     8 |     1 ||    41
       Dagger            |    34 |   235 |    82 |       ||   351
       Staff             |       |       |     4 |    11 ||    15
 Cast: Shock             |    15 |    22 |   116 |    61 ||   214
       Swiftness         |     1 |       |     2 |     4 ||     7
       Static Discharge  |       |    13 |   104 |   306 ||   423
       Airstrike         |       |       |     4 |    30 ||    34
       Lightning Bolt    |       |       |       |    46 ||    46
       Freezing Cloud    |       |       |       |     9 ||     9
 Abil: Breathe Frost     |       |       |     6 |     6 ||    12
Evoke: Staff of energy   |       |       |    21 |    53 ||    74
       Wand              |       |       |       |     3 ||     3
       Sack of spiders   |       |       |       |     2 ||     2
  Use: Potion            |     1 |     1 |     2 |     8 ||    12
       Scroll            |       |     5 |    12 |    12 ||    29
 Stab: Sleeping          |     4 |     4 |       |       ||     8
  Eat: Ration            |     1 |       |     3 |     8 ||    12
       Chunk             |       |     9 |     9 |     9 ||    27
Armor: Skin              |    58 |    65 |    89 |   221 ||   433
Dodge: Dodged            |   101 |   148 |   124 |   298 ||   671

Table legend:
 A = Non-vault XP
 B = Vault XP
 C = Vault XP percentage of total XP
 D = Non-vault monster count
 E = Vault monster count
 F = Vault count percentage of total count
                 A         B        C        D         E       F
            +---------+---------+-------+---------+---------+-------
      Total |   23389 |   12676 |  35.1 |     284 |     100 |  26.0
            +---------+---------+-------+---------+---------+-------
        D:1 |      36 |      18 |  33.3 |      22 |       2 |   8.3
        D:2 |     191 |      66 |  25.7 |      14 |      11 |  44.0
        D:3 |     178 |      44 |  19.8 |      25 |       2 |   7.4
        D:4 |     671 |     232 |  25.7 |      22 |       2 |   8.3
        D:5 |     358 |     980 |  73.2 |      17 |       8 |  32.0
        D:6 |     453 |     579 |  56.1 |      11 |       3 |  21.4
        D:7 |    1488 |       0 |   0.0 |      35 |       0 |   0.0
        D:8 |    2359 |     515 |  17.9 |      24 |       2 |   7.7
        D:9 |    3880 |    1666 |  30.0 |      46 |      20 |  30.3
     Lair:1 |    2119 |    2916 |  57.9 |      11 |      22 |  66.7
     Lair:2 |    6448 |     927 |  12.6 |      32 |      13 |  28.9
     Lair:3 |     213 |    3149 |  93.7 |       3 |       6 |  66.7
     Lair:4 |    4442 |    1584 |  26.3 |      19 |       9 |  32.1
     Lair:5 |     553 |       0 |   0.0 |       3 |       0 |   0.0
            +---------+---------+-------+---------+---------+-------

Levels and vault maps discovered:
D:1:      dpeg_arrival_signposts, layout_basic
D:2:      layout_basic, makhleb_grotto_becter, uniq_robin
D:3:      layout_loops_corners, first_ration, kennysheep_generic_room_7
D:4:      layout_loops_ring, saegor_snake_ambush, uniq_sigmund
D:5:      layout_basic, kennysheep_little_box, eat_drink_and_be_merry_uskayaw,
          chequers_temple_overflow_minitemple,
          nicolae_ossuary_entry_false_entrances, serial_rivers,
          chequers_serial_rivers_micro_c, chequers_serial_rivers_micro_c,
          chequers_serial_rivers_room_a, chequers_serial_rivers_micro_d,
          minmay_hollow_rounded_squares, uniq_pikel
D:6:      layout_cave_pools, nicolae_ashenzari_panopticon,
          minmay_temple_entry_mist, uniq_prince_ribbit1, uniq_blork_the_orc,
          uniq_eustachio
D:7:      layout_basic, lemuel_blue_sif_altar, nicolae_gozag_zags_fifth_avenue,
          kennysheep_mini_moat
D:8:      layout_rooms, marbit_many_paths, uniq_joseph
D:9:      layout_rooms, lemuel_mausoleum_altar_yredelemnul, erik_lair_island,
          basic_altar, st_stairs_4, bh_walls_and_bars, uniq_psyche
Temple:   jpeg_temple_island
Lair:1:   layout_gridlike, special_room [special_room_bee], grunt_megastairs_2
Lair:2:   layout_misc_corridors, eino_house_with_fridge, serial_bayou_shore_a,
          grunt_megastairs_4, lemuel_fruit_tree, lemuel_fruit_fields
Lair:3:   layout_cave_pods, minmay_shoals_entry_hut,
          chequers_serial_rivers_micro_a, fungi_pond_lemuel,
          beast_lair_carwin_2, uniq_rupert
Lair:4:   layout_gridlike, guppyfry_snake_entry_garden, forest_entry_grove
Lair:5:   layout_regular_city, lemuel_fruit_fields

Table legend:
 A = Turns spent in this place as a percentage of turns spent in the entire game.
 B = Non-inter-level travel turns spent in this place as a percentage of non-inter-level travel turns spent in the entire game.
 C = Inter-level travel turns spent in this place as a percentage of turns spent in this place.
 D = Turns resting spent in this place as a percentage of non-inter-level travel turns spent in this place.
 E = Turns spent auto-exploring this place as a percentage of non-inter-level travel turns spent in this place.
 F = Non-inter-level travel turns spent in this place divided by the number of levels of this place that you've seen.
                   A       B       C       D       E      F
               +-------+-------+-------+-------+-------+----------------------
         Total | 100.0 | 100.0 |   2.6 |  40.1 |  40.4 | 1267.9
       Dungeon |  67.2 |  67.0 |   2.9 |  38.0 |  41.2 | 1415.1
        Temple |   0.4 |   0.2 |  45.2 |   0.0 |  73.9 |  46.0
          Lair |  32.4 |  32.8 |   1.5 |  44.7 |  38.5 | 1247.4
               +-------+-------+-------+-------+-------+----------------------

Table legend:
 A = Kills in this place as a percentage of kills in entire the game.
 B = Kills by you in this place as a percentage of kills by you in the entire game.
 C = Kills by friends in this place as a percentage of kills by friends in the entire game.
 D = Other kills in this place as a percentage of other kills in the entire game.
 E = Experience gained in this place as a percentage of experience gained in the entire game.
 F = Experience gained in this place divided by the number of levels of this place that you have seen.
                   A       B       C       D       E      F
               +-------+-------+-------+-------+-------+----------------------
         Total | 100.0 | 100.0 |   N/A | 100.0 | 100.0 | 2404.3
       Dungeon |  69.3 |  69.2 |   N/A | 100.0 |  38.0 | 1523.8
          Lair |  30.7 |  30.8 |   N/A |   0.0 |  62.0 | 4470.2
               +-------+-------+-------+-------+-------+----------------------
